 Dungeon Crawl Stone Soup version 0.16.1-2-g95b8d4c (webtiles) character file.

151513 Chiseanne the Peltast (level 17, -4/138 HPs)
             Began as a Formicid Fighter on Mar 26, 2015.
             Was an Initiate of Gozag.
             Slain by a sphinx (18 damage)
             ... on level 1 of the Vaults.
             The game lasted 02:27:38 (38623 turns).

Chiseanne the Peltast (Formicid Fighter)           Turns: 38623, Time: 02:27:38

Health: -4/138     AC: 16    Str: 29    XL:     17   Next: 86%
Magic:  27/27      EV: 14    Int: 10    God:    Gozag
Gold:   917        SH: 16    Dex: 19    Spells: 1 memorised, 14 levels left

rFire  + . .     SeeInvis +     a - +7 broad axe (chop)
rCold  + + .     Clarity  .     X - +3 salamander hide armour {+Rage rF++}
rNeg   + + .     SustAb   .     b - +0 shield {reflect} {Donald}
rPois  +         Gourm    .     (helmet unavailable)
rElec  .         Spirit   .     k - +2 cloak
rCorr  .         Warding  .     p - +1 pair of gloves
rMut   .         Stasis   +     U - +1 pair of boots
MR     +....     NoCast   +     S - amulet of Twuuk {+Rage rN++ MR-}
Stlth  ..........               G - ring "Norghoq" {-Cast rC+ MR+ Dex+4 Slay+2 SInv}
                                c - ring of the Twelve Spirits {Ice rPois MP+9 Str+3 Stlth-}

@: mighty, somewhat resistant to hostile enchantments, extremely unstealthy
A: permanent stasis, dig shafts and tunnels, four strong arms, antennae 3, low
mp 1
a: Dig, Shaft Self, Potion Petition, Call Merchant, Bribe Branch, Renounce
Religion
}: 1/15 runes: gossamer


You were on level 1 of the Vaults.
You worshipped Gozag.
Gozag was noncommittal.
You were not hungry.

You visited 6 branches of the dungeon, and saw 34 of its levels.
You also visited: Labyrinth.

You collected 10597 gold pieces.
You spent 5511 gold pieces at shops.
You paid 4169 gold pieces to Gozag.

Inventory:

Hand weapons
 a - a +7 broad axe of chopping (weapon)
 n - a +2 broad axe of electrocution
 s - a +3 flail of protection
 w - a +0 blowgun
 z - a +2 great mace of holy wrath
 A - a +2 battleaxe
Missiles
 d - 5 silver tomahawks (quivered)
 f - 106 poisoned needles
 I - 18 curare-tipped needles
Armour
 b - a +0 shield of reflection (worn) {Donald}
 k - a +2 cloak (worn)
 p - a +1 pair of gloves (worn)
 C - a +0 large shield
 U - a +1 pair of boots (worn)
 X - the +3 salamander hide armour (worn) {+Rage rF++}
   (You found it in a labyrinth)

   It greatly protects you from fire.
   It lets you go berserk.
Jewellery
 c - the ring of the Twelve Spirits (left hand) {Ice rPois MP+9 Str+3 Stlth-}
   (You bought it in a shop on level 3 of the Orcish Mines)

   [ring of ice]

   It enhances your ice magic, and weakens your fire magic.
   It affects your strength (+3).
   It makes you vulnerable to fire.
   It protects you from cold.
   It protects you from poison.
   It affects your magic capacity (+9).
   It makes you less stealthy.
 G - the ring "Norghoq" (right hand) {-Cast rC+ MR+ Dex+4 Slay+2 SInv}
   (You bought it in a shop on level 3 of the Orcish Mines)

   [ring of protection from magic]

   It affects your dexterity (+4).
   It affects your accuracy and damage with ranged weapons and melee attacks
   (+2).
   It protects you from cold.
   It affects your resistance to hostile enchantments.
   It enhances your eyesight.
   It prevents spellcasting.
 S - the amulet of Twuuk (around neck) {+Rage rN++ MR-}
   (You found it on level 4 of the Spider Nest)

   [amulet of rage]

   It greatly protects you from negative energy.
   It affects your resistance to hostile enchantments.
   It lets you go berserk.
 Z - an uncursed ring of flight
Magical devices
 l - a wand of invisibility (4)
 u - a wand of draining (2)
 E - a wand of draining (5)
 F - a wand of disintegration (9)
 L - a wand of paralysis (8)
Scrolls
 e - a scroll of fear
 h - 4 scrolls of fog
 j - 2 scrolls of magic mapping
 t - 4 scrolls of remove curse
 x - 2 scrolls of summoning
 Q - 6 scrolls of identify
Potions
 q - 2 potions of cancellation
 D - 9 potions of curing
 H - 3 potions of might
 K - 2 potions of flight
 O - 3 potions of ambrosia
 P - 4 potions of restore abilities
Miscellaneous
 i - a lantern of shadows
 M - a disc of storms
Comestibles
 o - 14 meat rations
 y - 6 bread rations


   Skills:
 - Level 13.8 Fighting
 - Level 17.2(18.9) Axes
 - Level 14.0(17.3) Maces & Flails
 - Level 12.1 Armour
 * Level 3.2 Dodging
 * Level 17.7 Shields


You had 14 spell levels left.
You knew the following spells:

 Your Spells              Type           Power        Failure   Level  Hunger
a - Stoneskin             Trmt/Erth      #.......     65%         2    ###....


Dungeon Overview and Level Annotations

Branches:
Dungeon (15/15)            Temple (1/1) D:6            Lair (8/8) D:11
 Shoals (0/5) Lair:5       Spider (5/5) Lair:6        Slime (0/6) Lair:7
    Orc (4/4) D:9             Elf (0/3) Orc:4        Vaults (1/5) D:14
 Depths (0/5) D:15

Altars:
Ashenzari
Cheibriados
Dithmenos
Elyvilon
Fedhas
Gozag
Kikubaaqudgha
Makhleb
Nemelex Xobeh
Okawaru
Qazlal
Ru
Sif Muna
Trog
Vehumet
Xom
Yredelemnul
Zin
The Shining One
Jiyva

Shops:
D:4 [   D:7 :   Orc:2 }   Orc:3 =   Orc:4 *:!   Vaults:1 [   Vaults:2 *
Vaults:3 !   Depths:1 (   Depths:3 *

Annotations:
Lair:2 exclusion: oklob plant


Innate Abilities, Weirdness & Mutations

You are under a permanent stasis effect.
You can dig through walls and to a lower floor.
Your four strong arms can wield two-handed weapons with a shield.
You have a pair of large antennae on your head (SInv).
Your magical capacity is low (-10% MP).


Message History

You hit the yaktaur!
The yaktaur is almost dead.
You hit the sphinx.
The sphinx is moderately wounded.
You hit the ironbrand convoker!!
The ironbrand convoker is heavily wounded.
You block the sphinx's attack. The sphinx hits you.
* * * LOW HITPOINT WARNING * * *
The sphinx hits you.
* * * LOW HITPOINT WARNING * * *
The yaktaur unwields an uncursed arbalest.
The yaktaur wields an uncursed hand axe.
The yaktaur hits you with an uncursed hand axe!
* * * LOW HITPOINT WARNING * * *
Drink which item? (? for menu, Esc to quit)
You feel better.
The orc is no longer distracted by gold.
The sphinx hits you!!
You die...
Your body crumbles into a pile of gold.

#. ########################.
..........................
...........................
...........................
.........((................
..........$.................
..............##########...)
###......cH@..# #..((....
#.......cp$.# ####..#....
#......$oop.# +≈≈'..#....
#....(....O.# +≈≈'..#.... $
#...........# ####..#....
...........# #...#....
..........# ###'#####
.......... #..# #######..
#..+


You could see a sphinx, a vault warden, an ironbrand convoker, 2 yaktaurs, an
ogre and 2 orcs.

Vanquished Creatures
  Saint Roka (Vaults:1)
  Arachne (Spider:2)
  A sphinx (D:13)
  Donald (Vaults:1)
  Wiglaf (Spider:3)
  A ghost moth (Spider:5)
  An orc warlord (Orc:2)
  Louise (D:15)
  2 emperor scorpions (Spider:5)
  Snorg (D:15)
  A minotaur (Lab)
  Josephine (D:12)
  A yaktaur captain (Vaults:1)
  Fannar (D:12)
  A catoblepas (Lair:8)
  Harold (D:12)
  12 hydras
  6 centaur warriors
  6 death yaks
  3 orc high priests (Orc:4)
  Urug (D:15)
  A skeletal warrior (D:12)
  A wizard (D:14)
  3 unseen horrors
  A deep troll (shapeshifter) (D:15)
  4 orc knights (Orc:4)
  An ironbrand convoker (Vaults:1)
  7 hill giants
  4 orc sorcerers (Orc:4)
  15 orb spiders
  A griffon (Lair:8)
  A wolf spider zombie (D:15)
  3 manticores
  A salamander (D:15)
  The ghost of Chiseanne the Blocker, an experienced FoFi (D:7)
  13 elephants
  17 wolf spiders
  4 hornets
  4 cyclopes
  5 ugly things
  Maurice (D:9)
  3 centaur zombies (D:15)
  A torpor snail (Spider:5)
  7 black mambas
  9 spiny frogs
  A gargoyle (D:12)
  A freezing wraith (D:14)
  5 demonic crawlers
  A yaktaur (Vaults:1)
  7 komodo dragons
  2 fire drakes
  2 tengu conjurers (D:15)
  16 jumping spiders
  9 polar bears
  A merfolk (D:15)
  5 trolls
  Grinder (D:3)
  9 slime creatures
  2 ravens (D:15)
  13 blink frogs
  A two-headed ogre (D:10)
  A raiju (Lair:8)
  A centaur simulacrum (D:15)
  12 trapdoor spiders
  5 water elementals (D:14)
  26 redbacks
  2 basilisks
  11 wraiths
  20 tarantellas
  A shadow (D:11)
  Grum (D:9)
  A vampire mosquito (D:13)
  40 yaks
  A soldier ant (D:15)
  Edmund (D:5)
  10 hippogriffs
  9 wargs
  A mottled dragon (D:14)
  20 orc warriors
  13 wolves
  5 ice beasts
  17 black bears
  5 hell hounds (Lair:8)
  20 spiders
  11 porcupines
  8 water moccasins
  A sky beast (D:8)
  7 centaurs
  5 phantoms
  2 necrophages
  2 boring beetles
  9 ogres
  2 eyes of draining (D:12)
  8 wasps
  21 crocodiles
  Duvessa (D:4)
  6 big kobolds
  19 giant frogs
  2 water moccasin skeletons
  5 scorpions
  4 killer bees (D:7)
  5 wights (D:7)
  4 electric eels
  A wasp zombie (D:7)
  Dowan (D:4)
  3 quasits
  8 crimson imps
  23 hounds
  A giant frog zombie (D:6)
  2 jellies
  25 orc priests
  14 iguanas
  8 centaur skeletons
  A black bear zombie (D:6)
  30 orc wizards
  4 giant frog skeletons
  9 worker ants
  28 sheep
  Ijyb (D:3)
  2 hound skeletons
  A mummy (D:8)
  6 gnolls (D:2)
  24 adders
  87 river rats
  5 giant mites
  8 shadow imps
  A worm (D:2)
  An ufetubus (Orc:4)
  8 giant geckos
  160 orcs
  A bat skeleton (D:6)
  A bat zombie (D:8)
  4 giant cockroaches
  21 hobgoblins
  5 jackals (Lair:8)
  40 kobolds
  3 ball pythons
  17 bats
  A giant gecko skeleton (D:4)
  7 giant newts
  A giant spore (D:7)
  15 goblins
  A jackal skeleton (D:7)
  A jackal zombie (D:6)
  11 quokkas
  A quokka skeleton (D:4)
  8 rats
  4 ballistomycetes
  A bush (Lair:1)
  A butterfly (Lair:2)
  11 fungi
  30 plants
1221 creatures vanquished.

Vanquished Creatures (others)
  2 giant spores
  3 fungi
  4 plants
9 creatures vanquished.

Grand Total: 1230 creatures vanquished

Notes
Turn   | Place    | Note
--------------------------------------------------------------
     0 | D:1      | Chiseanne, the Formicid Fighter, began the quest for the Orb.
     0 | D:1      | Reached XP level 1. HP: 18/18 MP: 1/1
   312 | D:1      | Reached XP level 2. HP: 24/24 MP: 3/3
   607 | D:2      | Reached skill level 4 in Shields
   607 | D:2      | Reached XP level 3. HP: 20/29 MP: 4/4
   860 | D:2      | Reached XP level 4. HP: 6/37 MP: 5/5
  1103 | D:2      | Reached XP level 5. HP: 15/42 MP: 7/7
  1792 | D:3      | Reached skill level 5 in Shields
  2045 | D:3      | Noticed Ijyb
  2057 | D:3      | Killed Ijyb
  2121 | D:3      | Reached XP level 6. HP: 45/48 MP: 8/8
  2245 | D:3      | Noticed Grinder
  2273 | D:3      | Killed Grinder
  2273 | D:3      | Reached XP level 7. HP: 31/55 MP: 9/9
  2775 | D:4      | Reached skill level 6 in Shields
  2835 | D:4      | Reached skill level 5 in Fighting
  3052 | D:4      | Found a blossoming altar of Fedhas.
  3511 | D:4      | Noticed Duvessa
  3517 | D:4      | Noticed Dowan
  3534 | D:4      | Killed Duvessa
  3534 | D:4      | Reached XP level 8. HP: 41/63 MP: 11/11
  3647 | D:4      | Killed Dowan
  3647 | D:4      | Reached skill level 5 in Armour
  3667 | D:4      | Found Wauggao's Antique Armour Shoppe.
  4054 | D:4      | Found a glowing golden altar of the Shining One.
  4054 | D:4      | Found a glowing silver altar of Zin.
  4054 | D:4      | Found a white marble altar of Elyvilon.
  4126 | D:5      | Entered Level 5 of the Dungeon
  4190 | D:5      | Reached skill level 7 in Shields
  4348 | D:5      | Noticed Edmund
  4400 | D:5      | Killed Edmund
  4644 | D:5      | Reached XP level 9. HP: 44/71 MP: 12/12
  5106 | D:4      | Reached skill level 8 in Shields
  5393 | D:5      | Reached skill level 5 in Axes
  5971 | D:6      | Found a bloodstained altar of Trog.
  5972 | D:6      | Found a basalt altar of Yredelemnul.
  6040 | D:6      | Found a staircase to the Ecumenical Temple.
  6129 | Temple   | Entered the Ecumenical Temple
  6274 | D:6      | Found a shimmering altar of Xom.
  6274 | D:6      | Found a shimmering altar of Xom.
  6276 | D:6      | Found a shimmering altar of Xom.
  6276 | D:6      | Found a shimmering altar of Xom.
  6278 | D:6      | Found a shimmering altar of Xom.
  6354 | D:6      | Reached skill level 9 in Shields
  6777 | D:7      | Noticed Chiseanne's ghost (experienced FoFi)
  6791 | D:7      | Got a faintly humming ring mail
  6807 | D:7      | Found an opulent altar of Gozag.
  6840 | D:7      | Became a worshipper of Gozag Ym Sagoz the Greedy
  7022 | D:7      | Reached skill level 10 in Shields
  7058 | D:7      | Reached XP level 10. HP: 47/79 MP: 13/13
  7437 | D:7      | Found Pixoic's Book Shop.
  7494 | D:7      | Found a radiant altar of Vehumet.
  7588 | D:7      | Identified the cursed -5 ring mail of Dawn {rCorr Slay+2} (You found it on level 7 of the Dungeon)
  7876 | D:7      | Killed Chiseanne's ghost
  7876 | D:7      | Reached skill level 11 in Shields
  7920 | D:7      | Found an iron altar of Okawaru.
  7920 | D:7      | Found a snail-covered altar of Cheibriados.
  8061 | D:8      | Found a burning altar of Makhleb.
  8727 | D:9      | Noticed Maurice
  8733 | D:9      | Killed Maurice
  8813 | D:9      | Noticed Grum
  8831 | D:9      | Killed Grum
  9027 | D:9      | Reached XP level 11. HP: 84/87 MP: 15/15
  9163 | D:9      | Reached skill level 12 in Shields
  9206 | D:9      | Noticed a hill giant
  9657 | D:9      | Killed a hill giant
 10018 | D:9      | Found a staircase to the Orcish Mines.
 10237 | D:10     | Entered Level 10 of the Dungeon
 10289 | D:10     | Got a spiked chain mail
 10311 | D:10     | Identified the +10 chain mail "Pampoq" {Str+7 Dex-3} (You found it on level 10 of the Dungeon)
 11137 | Orc:1    | Entered Level 1 of the Orcish Mines
 11775 | Orc:3    | Noticed an orc warlord
 11795 | Orc:2    | Killed an orc warlord
 11795 | Orc:2    | Reached skill level 13 in Shields
 12348 | Orc:2    | Found Chehenk's Quality Used Wands.
 12354 | Orc:2    | Bought a wand of digging (0) for 104 gold pieces
 12354 | Orc:2    | Bought a wand of flame (0) for 13 gold pieces
 12354 | Orc:2    | Bought a wand of fireball (0) for 104 gold pieces
 12354 | Orc:2    | Bought a wand of confusion (0) for 19 gold pieces
 12961 | Orc:3    | Reached skill level 10 in Fighting
 13034 | Orc:3    | Found Briw Ykhlunotz's Jewellery Boutique.
 13054 | Orc:3    | Bought the ring "Norghoq" {-Cast rC+ MR+ Dex+4 Slay+2 SInv} for 742 gold pieces
 13055 | Orc:3    | Bought an uncursed ring of protection from fire for 350 gold pieces
 13060 | Orc:3    | Bought an uncursed amulet of warding for 210 gold pieces
 13499 | Orc:4    | Entered Level 4 of the Orcish Mines
 13633 | Orc:4    | Reached XP level 12. HP: 97/97 MP: 16/16
 13777 | Orc:4    | Found a staircase to the Elven Halls.
 13888 | Orc:4    | Noticed an orc sorcerer
 13889 | Orc:4    | Noticed an orc knight
 13893 | Orc:4    | Noticed an orc high priest
 13894 | Orc:4    | Found Tiucaif's Book Emporium.
 13901 | Orc:4    | Noticed an orc high priest
 13903 | Orc:4    | Noticed an orc knight
 13904 | Orc:4    | Noticed an orc sorcerer
 13904 | Orc:4    | Noticed an orc sorcerer
 13905 | Orc:4    | Killed an orc sorcerer
 13906 | Orc:4    | Noticed an orc sorcerer
 13906 | Orc:4    | Noticed an orc knight
 13907 | Orc:4    | Noticed an orc high priest
 13908 | Orc:4    | Noticed a sun demon
 13908 | Orc:4    | Killed an orc knight
 13911 | Orc:4    | Noticed a sun demon
 13911 | Orc:4    | Killed an orc high priest
 13914 | Orc:4    | Killed an orc sorcerer
 13915 | Orc:4    | Noticed a sun demon
 13916 | Orc:4    | Noticed an orc knight
 13942 | Orc:4    | Killed an orc knight
 14266 | Orc:4    | Killed an orc high priest
 14708 | Orc:4    | Killed an orc sorcerer
 14804 | Orc:4    | Killed an orc high priest
 14804 | Orc:4    | Reached skill level 10 in Axes
 15021 | Orc:4    | Noticed a soul eater
 15025 | Orc:4    | Killed an orc sorcerer
 15118 | Orc:4    | Found Prean's Magic Scroll Shop.
 15131 | Orc:4    | Killed an orc knight
 15133 | Orc:4    | Killed an orc knight
 15133 | Orc:4    | Reached skill level 14 in Shields
 15144 | Orc:4    | Bought a manual of Polearms for 1324 gold pieces
 15145 | Orc:4    | Found Toakhl Ydesk's General Store.
 15146 | Orc:4    | Bought a scroll of immolation for 42 gold pieces
 15146 | Orc:4    | Bought a scroll of summoning for 114 gold pieces
 15146 | Orc:4    | Bought a scroll of remove curse for 36 gold pieces
 15146 | Orc:4    | Bought a scroll of identify for 24 gold pieces
 15146 | Orc:4    | Bought a scroll of identify for 24 gold pieces
 15146 | Orc:4    | Bought a scroll of identify for 24 gold pieces
 15381 | Orc:4    | Found Ynixke's Distillery.
 15388 | Orc:4    | Bought a scroll of amnesia for 45 gold pieces
 15388 | Orc:4    | Bought a scroll of identify for 26 gold pieces
 15391 | Orc:4    | Bought a potion of mutation for 37 gold pieces
 15391 | Orc:4    | Bought a potion of heal wounds for 75 gold pieces
 15391 | Orc:4    | Bought a potion of curing for 45 gold pieces
 15391 | Orc:4    | Bought a potion of restore abilities for 75 gold pieces
 15391 | Orc:4    | Bought a potion of restore abilities for 75 gold pieces
 15394 | Orc:4    | Bought a +0 pair of boots for 58 gold pieces
 15694 | D:11     | Found a staircase to the Lair.
 15708 | D:11     | Found a labyrinth entrance.
 15714 | Lab      | Entered a labyrinth
 16818 | Lab      | Noticed a minotaur
 16827 | Lab      | Killed a minotaur
 16827 | Lab      | Reached skill level 10 in Armour
 16839 | Lab      | Identified the Catalogue of Harmful Clay
 17588 | D:11     | Reached XP level 13. HP: 106/106 MP: 17/17
 17743 | Lair:1   | Entered Level 1 of the Lair of Beasts
 21021 | Lair:3   | Reached skill level 15 in Shields
 22063 | Lair:4   | Reached XP level 14. HP: 115/115 MP: 18/18
 22085 | Lair:4   | Got a steaming leather armour
 22111 | Lair:4   | Identified the +0 leather armour of Jigsaw {MR+ MP+9} (You found it on level 4 of the Lair of Beasts)
 22829 | Lair:5   | Found a staircase to the Shoals.
 24156 | Lair:6   | Found a hole to the Spider Nest.
 24419 | Lair:6   | Reached skill level 16 in Shields
 24859 | Lair:7   | Found a viscous altar of Jiyva.
 25143 | Lair:7   | Found a staircase to the Slime Pits.
 25843 | Lair:7   | Gained mutation: Your magical capacity is low (-10% MP). [mutagenic glow]
 25922 | Lair:8   | Entered Level 8 of the Lair of Beasts
 26509 | Lair:8   | Reached XP level 15. HP: 89/123 MP: 13/17
 27927 | Orc:4    | Bought the +3 leather armour of Ored {Str-3 Int+6 Dex+3 Slay+2} for 585 gold pieces
 27927 | Orc:4    | Bought an uncursed amulet of resist corrosion for 260 gold pieces
 27930 | Orc:4    | Bought a potion of cure mutation for 525 gold pieces
 28195 | D:12     | Reached skill level 1 in Maces & Flails
 28214 | D:12     | Noticed Harold
 28225 | D:12     | Killed Harold
 28246 | D:12     | Noticed Josephine
 28257 | D:12     | Killed Josephine
 28273 | D:12     | Reached skill level 5 in Maces & Flails
 29060 | D:12     | Noticed Fannar
 29090 | D:12     | Killed Fannar
 30219 | D:13     | Found a runed door.
 30276 | D:13     | Reached skill level 10 in Maces & Flails
 30601 | D:13     | Noticed a sphinx
 30607 | D:13     | Killed a sphinx
 31024 | D:14     | Reached XP level 16. HP: 111/131 MP: 15/18
 31551 | D:14     | Found a gate to the Vaults.
 32131 | D:15     | Entered Level 15 of the Dungeon
 32162 | D:15     | Noticed Snorg
 32173 | D:15     | Killed Snorg
 32180 | D:15     | Found a staircase to the Depths.
 32309 | D:15     | Noticed Urug
 32323 | D:15     | Killed Urug
 32323 | D:15     | Reached skill level 17 in Shields
 32621 | D:15     | Found a deep blue altar of Sif Muna.
 32701 | D:15     | Noticed Louise
 32757 | D:15     | Killed Louise
 33605 | Orc:3    | Bought the ring of the Twelve Spirits {Ice rPois MP+9 Str+3 Stlth-} for 575 gold pieces
 33876 | Spider:1 | Entered Level 1 of the Spider Nest
 34334 | Spider:1 | You fall through a shaft!
 34337 | Spider:2 | You fall through a shaft!
 34348 | Spider:3 | You fall through a shaft!
 34462 | Spider:5 | Entered Level 5 of the Spider Nest
 34748 | Spider:5 | Reached skill level 15 in Axes
 35177 | Spider:5 | Reached XP level 17. HP: 95/138 MP: 18/18
 35881 | Spider:5 | Got a gossamer rune of Zot
 36250 | Spider:4 | Got a pitted ruby amulet
 36312 | Spider:4 | Identified the amulet of Twuuk {+Rage rN++ MR-} (You found it on level 4 of the Spider Nest)
 36410 | Spider:3 | Noticed Wiglaf
 36431 | Spider:3 | Killed Wiglaf
 36521 | Spider:3 | Got an encrusted eveningstar
 36522 | Spider:3 | Identified the cursed -2 eveningstar of Plague {flame, rElec Int+7 Stlth-} (You found it on level 3 of the Spider Nest)
 37093 | Spider:2 | Noticed Arachne
 37115 | Spider:2 | Killed Arachne
 38039 | Lair:1   | Learned a level 2 spell: Stoneskin
 38067 | D:11     | Reached skill level 1 in Dodging
 38294 | Vaults:1 | Entered Level 1 of the Vaults
 38319 | Vaults:1 | Noticed Donald
 38358 | Vaults:1 | Killed Donald
 38580 | Vaults:1 | Noticed Saint Roka
 38612 | Vaults:1 | HP: 6/138 [Saint Roka/long sword of protection (14)]
 38614 | Vaults:1 | Killed Saint Roka
 38616 | Vaults:1 | Noticed a sphinx
 38622 | Vaults:1 | HP: 6/138 [yaktaur/uncursed hand axe (13)]
 38623 | Vaults:1 | Slain by a sphinx

Action                   |  1- 3 |  4- 6 |  7- 9 | 10-12 | 13-15 | 16-18 || total
-------------------------+-------+-------+-------+-------+-------+-------++-------
Melee: War axe           |    86 |   130 |   104 |   176 |       |       ||   496
       Quarterstaff      |       |    10 |   171 |       |       |       ||   181
       Flail             |       |       |   210 |   361 |   100 |    26 ||   697
       Broad axe         |       |       |       |   472 |  1249 |   762 ||  2483
 Fire: Blowgun           |       |       |       |       |     5 |    73 ||    78
Throw: Javelin           |       |       |     3 |       |       |       ||     3
       Tomahawk          |       |       |    19 |     7 |     3 |       ||    29
Invok: Call Merchant     |       |       |       |       |       |     5 ||     5
 Abil: Dig               |     4 |     7 |    19 |    35 |    26 |    38 ||   129
       Shaft Self        |       |       |       |       |       |     3 ||     3
Evoke: Wand              |       |       |       |     9 |     8 |       ||    17
  Use: Scroll            |     4 |     5 |     7 |    14 |    14 |     8 ||    52
       Potion            |       |     1 |     4 |    10 |       |    13 ||    28
 Stab: Distracted        |       |       |       |     4 |    10 |     2 ||    16
       Invisible         |       |       |       |     5 |       |       ||     5
       Petrifying        |       |       |       |       |     1 |       ||     1
       Petrified         |       |       |       |       |     1 |       ||     1
       Sleeping          |       |       |       |       |     1 |       ||     1
  Eat: Chunk             |       |     6 |    18 |       |       |       ||    24
       Fruit             |       |       |       |    28 |    20 |       ||    48
       Beef jerky        |       |       |       |     3 |     5 |       ||     8
       Pizza             |       |       |       |     1 |     1 |     2 ||     4
       Bread ration      |       |       |       |     4 |     1 |     4 ||     9
       Royal jelly       |       |       |       |       |     9 |     4 ||    13
